2956 views
Uploaded 2020-07-18 07:26:02
Game version 1.32.6 / 1.32.7
12:49 long 2on2 ladder game on (4)CentaurGrove
Saved by Redwood
2956 views
Uploaded 2020-07-18 07:26:02
Game version 1.32.6 / 1.32.7
12:49 long 2on2 ladder game on (4)CentaurGrove


51 units @ 6k
/ 0.7k
27 buildings @ 4.4k
/ 1.8k
⇛
Redwood
(15)
(12:43) : 

| Potion of Healing | 1 | 150 |
| Moonstone | 1 | 50 |
| total: | 2 | 200g |
| Wisp | 26 | 1560 | / | 0 |
| Huntress | 5 | 975 | / | 100 |
| Glaive Thrower | 1 | 210 | / | 65 |
| Mountain Giant | 2 | 700 | / | 200 |
| total: | 34 | 3445g | / | 365w |
| Ancient Protector | 2 | 270 | / | 160 |
| Altar of Elders | 2 | 360 | / | 100 |
| Moon Well | 6 | 1080 | / | 240 |
| Hunter's Hall | 1 | 210 | / | 100 |
| Ancient of War | 2 | 300 | / | 120 |
| Ancient of Wonders | 1 | 90 | / | 30 |
| Ancient of Lore | 4 | 620 | / | 580 |
| Tree of Ages | 1 | 320 | / | 180 |
| total: | 18 | 2930g | / | 1330w |
| 0:20 | Wisp |
| 0:20 | Wisp |
| 0:20 | Wisp |
| 0:21 | Altar of Elders |
| 0:35 | Moon Well |
| 0:37 | Wisp |
| 0:52 | Wisp |
| 1:06 | Wisp |
| 1:12 | Wisp |
| 1:29 | Wisp |
| 1:44 | Wisp |
| 1:53 | Hunter's Hall |
| 1:56 | Wisp |
| 2:09 | Ancient of War |
| 2:13 | Ancient of War |
| 2:14 | Wisp |
| 2:28 | Moon Well |
| 2:32 | Moon Well |
| 2:49 | Entangling Roots |
| 3:00 | Wisp |
| 3:00 | Wisp |
| 3:21 | Huntress |
| 3:32 | Tree of Ages |
| 4:20 | Huntress |
| 4:20 | Huntress |
| 4:52 | Ancient of Wonders |
| 5:07 | Moon Well |
| 5:14 | Huntress |
| 6:00 | Moon Glaive |
| 6:06 | Pocket Factory |
| 6:17 | Ancient of Lore |
| 6:20 | Ancient of Lore |
| 6:54 | Huntress |
| 7:01 | Force of Nature |
| 7:55 | Ancient Protector |
| 7:57 | Glaive Thrower |
| 7:59 | Ancient Protector |
| 8:12 | Wisp |
| 8:12 | Wisp |
| 8:18 | Moon Well |
| 8:53 | Potion of Healing |
| 8:57 | Engineering Upgrade |
| 9:03 | Wisp |
| 9:03 | Wisp |
| 9:04 | Wisp |
| 9:07 | Moonstone |
| 9:24 | Altar of Elders |
| 9:31 | Ancient of Lore |
| 9:40 | Wisp |
| 10:04 | Ancient of Lore |
| 10:05 | Wisp |
| 10:07 | Moon Well |
| 10:13 | Wisp |
| 10:30 | Wisp |
| 10:49 | Mountain Giant |
| 11:20 | Mountain Giant |
| 11:32 | Wisp |
| 11:32 | Wisp |
| 11:52 | Wisp |
| 11:52 | Wisp |
| Select group | 799 |
| Right click | 437 |
| Select | 262 |
| Chat | 94 |
| Misc. action | 92 |
| Assign group | 69 |
| Build/train/purchase | 55 |
| Use ability | 19 |
| Resource trade | 8 |
| Esc | 4 |


| Rod of Necromancy | 3 | 450 |
| Potion of Mana | 1 | 200 |
| Potion of Healing | 4 | 600 |
| Orb of Corruption | 1 | 375 |
| Scroll of Town Portal | 2 | 700 |
| total: | 11 | 2325g |
| Acolyte | 4 | 300 | / | 0 |
| Ghoul | 5 | 600 | / | 0 |
| Crypt Fiend | 6 | 1290 | / | 240 |
| Obsidian Statue | 2 | 400 | / | 70 |
| total: | 17 | 2590g | / | 310w |
| Nerubian Tower | 1 | 100 | / | 20 |
| Graveyard | 1 | 215 | / | 0 |
| Crypt | 1 | 200 | / | 50 |
| Altar of Darkness | 1 | 180 | / | 50 |
| Ziggurat | 4 | 600 | / | 200 |
| Tomb of Relics | 1 | 130 | / | 30 |
| Slaughterhouse | 1 | 140 | / | 135 |
| Halls of the Dead | 1 | 320 | / | 210 |
| Black Citadel | 1 | 325 | / | 230 |
| total: | 9 | 1465g | / | 465w |
| 0:03 | Acolyte |
| 0:08 | Graveyard |
| 0:09 | Crypt |
| 0:18 | Acolyte |
| 0:19 | Acolyte |
| 0:30 | Altar of Darkness |
| 0:48 | Ziggurat |
| 1:06 | Tomb of Relics |
| 1:16 | Ghoul |
| 1:16 | Ghoul |
| 1:42 | Ghoul |
| 1:57 | Nerubian Tower |
| 2:04 | Ghoul |
| 2:20 | Ghoul |
| 2:39 | Rod of Necromancy |
| 2:40 | Death Coil |
| 3:01 | Acolyte |
| 3:39 | Ziggurat |
| 4:28 | Unholy Aura |
| 4:29 | Halls of the Dead |
| 4:38 | Crypt Fiend |
| 4:50 | Crypt Fiend |
| 5:16 | Crypt Fiend |
| 5:18 | Ziggurat |
| 5:45 | Creature Attack |
| 6:10 | Crypt Fiend |
| 6:30 | Crypt Fiend |
| 6:50 | Ziggurat |
| 7:19 | Black Citadel |
| 8:03 | Slaughterhouse |
| 8:23 | Frost Nova |
| 8:36 | Scroll of Town Portal |
| 8:36 | Rod of Necromancy |
| 8:37 | Potion of Mana |
| 8:39 | Potion of Healing |
| 9:04 | Potion of Healing |
| 9:04 | Potion of Healing |
| 9:19 | Death Coil |
| 9:22 | Obsidian Statue |
| 9:41 | Destroyer Form |
| 10:19 | Orb of Corruption |
| 10:25 | Scroll of Town Portal |
| 10:45 | Crypt Fiend |
| 11:02 | Obsidian Statue |
| 11:35 | Frost Armor |
| 11:46 | Rod of Necromancy |
| 11:46 | Potion of Healing |
| Right click | 1141 |
| Select group | 724 |
| Select | 247 |
| Build/train/purchase | 75 |
| Misc. action | 61 |
| Assign group | 40 |
| Chat | 30 |
| Use ability | 27 |
| Item give/drop | 3 |
| Minimap ping | 2 |
49 units @ 6.6k
/ 0.6k
23 buildings @ 3.9k
/ 1.2k

| Healing Salve | 2 | 200 |
| Scroll of Town Portal | 1 | 350 |
| Circlet of Nobility | 1 | 175 |
| Boots of Speed | 1 | 250 |
| Potion of Lesser Invulnerability | 1 | 150 |
| total: | 6 | 1125g |
| Peon | 6 | 450 | / | 0 |
| Grunt | 5 | 1000 | / | 0 |
| Troll Headhunter | 9 | 1260 | / | 180 |
| Demolisher | 3 | 660 | / | 150 |
| Troll Berserker | 2 | 280 | / | 40 |
| Huntress | 11 | 2145 | / | 220 |
| Wisp | 3 | 180 | / | 0 |
| total: | 39 | 5975g | / | 590w |
| Barracks | 2 | 360 | / | 100 |
| Orc Burrow | 4 | 640 | / | 160 |
| Altar of Storms | 1 | 180 | / | 50 |
| Voodoo Lounge | 1 | 130 | / | 30 |
| War Mill | 1 | 205 | / | 0 |
| Stronghold | 1 | 315 | / | 190 |
| Fortress | 1 | 325 | / | 190 |
| Ancient Protector | 2 | 270 | / | 160 |
| Ancient of War | 2 | 300 | / | 120 |
| Hunter's Hall | 2 | 420 | / | 200 |
| Moon Well | 5 | 900 | / | 200 |
| total: | 20 | 3405g | / | 1020w |
| 0:01 | Peon |
| 0:08 | Peon |
| 0:17 | Barracks |
| 0:23 | Peon |
| 0:32 | Orc Burrow |
| 0:37 | Peon |
| 0:54 | Peon |
| 1:03 | Altar of Storms |
| 1:11 | Peon |
| 1:22 | Grunt |
| 1:35 | Voodoo Lounge |
| 1:51 | Orc Burrow |
| 2:18 | Cleaving Attack |
| 2:23 | War Mill |
| 2:42 | Grunt |
| 2:54 | Grunt |
| 2:55 | Circlet of Nobility |
| 3:16 | Ancient of War |
| 3:17 | Ancient of War |
| 3:18 | Hunter's Hall |
| 3:19 | Moon Well |
| 3:21 | Healing Salve |
| 3:22 | Healing Salve |
| 3:35 | Moon Well |
| 3:37 | Hunter's Hall |
| 3:41 | Moon Well |
| 3:44 | Grunt |
| 3:51 | Howl of Terror |
| 4:10 | Stronghold |
| 4:20 | Grunt |
| 4:49 | Orc Burrow |
| 4:54 | Huntress |
| 4:55 | Huntress |
| 5:05 | Cleaving Attack |
| 5:12 | Barracks |
| 5:15 | Huntress |
| 5:24 | Boots of Speed |
| 5:37 | Ancient Protector |
| 5:40 | Ancient Protector |
| 5:49 | Troll Headhunter |
| 5:49 | Troll Headhunter |
| 5:51 | Steel Armor |
| 6:01 | Huntress |
| 6:10 | Moon Well |
| 6:22 | Troll Headhunter |
| 6:31 | Pillage |
| 7:08 | Troll Headhunter |
| 7:10 | Troll Headhunter |
| 7:11 | Huntress |
| 7:21 | Troll Headhunter |
| 7:28 | Howl of Terror |
| 7:31 | Entangling Roots |
| 7:36 | Fortress |
| 8:14 | Huntress |
| 8:14 | Huntress |
| 8:15 | Wisp |
| 8:15 | Wisp |
| 8:17 | Troll Headhunter |
| 8:17 | Steel Ranged Weapons |
| 8:18 | Orc Burrow |
| 9:25 | Entangling Roots |
| 9:30 | Troll Headhunter |
| 9:30 | Thorium Ranged Weapons |
| 9:41 | Huntress |
| 9:41 | Huntress |
| 9:43 | Moon Armor |
| 9:43 | Strength of the Moon |
| 9:48 | Demolisher |
| 9:59 | Berserker Upgrade |
| 10:01 | Demolisher |
| 10:01 | Troll Headhunter |
| 10:33 | Demolisher |
| 10:38 | Improved Strength of the Moon |
| 10:38 | Advanced Strength of the Moon |
| 10:39 | Wisp |
| 10:50 | Scroll of Town Portal |
| 10:53 | Potion of Lesser Invulnerability |
| 11:03 | Troll Berserker |
| 11:34 | Huntress |
| 11:34 | Huntress |
| 11:35 | Moon Well |
| 11:41 | Cleaving Attack |
| 11:54 | Force of Nature |
| 12:07 | Troll Berserker |
| 12:08 | Arcanite Ranged Weapons |
| Right click | 993 |
| Select | 502 |
| Select group | 492 |
| Build/train/purchase | 126 |
| Assign group | 112 |
| Misc. action | 63 |
| Use ability | 25 |
| Esc | 5 |
| Item give/drop | 3 |
| Remove unit | 1 |

| Wisp | 10 | 600 | / | 0 |
| total: | 10 | 600g | / | 0w |
| Altar of Elders | 1 | 180 | / | 50 |
| Moon Well | 1 | 180 | / | 40 |
| Ancient of War | 1 | 150 | / | 60 |
| Tree of Ages | 1 | 320 | / | 180 |
| total: | 3 | 510g | / | 150w |
| 0:03 | Wisp |
| 0:03 | Wisp |
| 0:03 | Wisp |
| 0:09 | Altar of Elders |
| 0:19 | Moon Well |
| 0:28 | Wisp |
| 0:55 | Ancient of War |
| 0:56 | Wisp |
| 0:57 | Wisp |
| 1:13 | Wisp |
| 1:21 | Wisp |
| 1:43 | Wisp |
| 1:44 | Wisp |
| 2:21 | Force of Nature |
| 2:47 | Tree of Ages |
| Right click | 151 |
| Select | 59 |
| Build/train/purchase | 16 |
| Select group | 15 |
| Use ability | 5 |
| Assign group | 2 |